 Dungeon Sprint DCSS version 0.14-a0-2679-gcb94c3d (webtiles) character file.

14 BluebellGnoll the Covert (level 2, -1/13 HPs)
             Began as a Spriggan Enchanter on Feb 17, 2014.
             Was an Initiate of Yredelemnul.
             Splashed by a jelly's acid (12 damage)
             ... in the Dungeon (Sprint IX: "|||||||||||||||||||||||||||||").
             The game lasted 00:02:20 (347 turns).

BluebellGnoll the Covert (Spriggan Enchanter)        Turns: 347, Time: 00:02:22

HP  -1/13        AC  5     Str  4      XL: 2   Next: 31%
MP   7/7         EV 18     Int 16      God: Yredelemnul [......]
Gold 0           SH  0     Dex 19      Spells:  2 memorised,  3 levels left

rFire  . . .     SeeInvis +     t - +2 cutlass (elec)
rCold  . . .     Clarity  .     b - +1 robe
rNeg   . . .     Conserve .     (shield restricted)
rPois  .         rCorr    .     (helmet restricted)
rElec  .         rRot     .     (no cloak)
SustAb . .       Spirit   .     (gloves unavailable)
rMut   .         Warding  .     (boots unavailable)
Saprov . . .     NoTele   +     (no amulet)
MR     .....                    s - +2 ring of protection
                                r - +3 ring of dexterity

@: very quick, not resistant to hostile enchantments, very stealthy
A: unfitting armour, see invisible, herbivore 3, speed 3, slow metabolism 2
a: Renounce Religion


You were in the Dungeon.
You worshipped Yredelemnul.
Yredelemnul was noncommittal.
You were not hungry.

You visited 1 branch

Inventory:

Hand weapons
 l - a +0,+0 orcish dagger of venom
 t - a +2,+2 cutlass of electrocution (weapon)
Missiles
 d - 12 darts (quivered)
 m - 2 darts of frost
Armour
 b - a +1 robe (worn)
Magical devices
 q - a wand of draining (7)
Scrolls
 k - 2 scrolls of blinking
 o - 3 scrolls of remove curse
 p - 2 scrolls of amnesia
Jewellery
 r - a +3 ring of dexterity (left hand)
 s - a +2 ring of protection (right hand)
Potions
 e - a potion of porridge
 f - 5 potions of curing
 g - 3 potions of heal wounds
 h - a potion of speed
 i - 4 potions of magic
 j - a potion of berserk rage
 n - a potion of invisibility
Books
 c - a book of Maledictions

   Spells                             Type                      Level
   *Corona                            Hexes                        1
   Sure Blade                         Hexes/Charms                 2
   *Ensorcelled Hibernation           Hexes/Ice                    2
   Confuse                            Hexes                        3
   Enslavement                        Hexes                        4
   Invisibility                       Hexes                        6
Magical staves
 z - an uncursed staff of energy


   Skills:
 - Level 1.1 Short Blades
 - Level 1.1 Throwing
 - Level 3.0 Dodging
 + Level 8.1 Stealth
 - Level 2.6 Spellcasting
 - Level 3.6 Hexes


You had 3 spell levels left.
You knew the following spells:

 Your Spells              Type           Power        Failure   Level  Hunger
a - Corona                Hex            ##.....      6%          1    #......
b - Ensorcelled Hibernat  Hex/Ice        #.....       17%         2    ##.....


Dungeon Overview and Level Annotations

Branches:
Dungeon (1/1)

Altars:
Ashenzari
Cheibriados
Dithmenos
Elyvilon
Fedhas
Kikubaaqudgha
Makhleb
Nemelex Xobeh
Okawaru
Sif Muna
Trog
Vehumet
Xom
Yredelemnul
Zin
The Shining One


Innate Abilities, Weirdness & Mutations

You are tiny and cannot use many weapons and most armour.
You have supernaturally acute eyesight.
You are a herbivore.
You cover ground extremely quickly.
You need consume almost no food.


Message History

You see here a +0 helmet.
You see here a +0 pair of gloves.
You see here a +0 plate armour.
Okay, then.
You start resting.
HP restored.
You open the door.
A bat, a jelly, an ice beast, a hobgoblin, a hill giant and a zombie come into view.
The hobgoblin shouts!
The bat hits you.
The hill giant shouts!
The bat misses you. The bat hits you but does no damage.
There is an open door to the Dungeon here.
You hit the bat.
There is a sudden explosion of sparks!
You kill the bat!
Yredelemnul accepts your kill. The jelly hits you.
You are splashed with acid!
The acid burns!
Ouch! That really hurt!
You die...
Your body rises from the dead as a mindless zombie.

▓+▓
▓I▓
▓.▓
▓z▓
▓g▓
▓C▓
▓J▓
▓@▓
▓.▓
▓.▓
▓[▓
▓[▓
▓[▓
▓.▓
▓.▓
▓.▓


You could see a hill giant, an ice beast, a jelly, a goblin zombie and a
hobgoblin.

Vanquished Creatures
  An ooze (D)
  An orc (D)
  A bat zombie (D)
  A hobgoblin (D)
  A jackal (D)
  3 kobolds (D)
  A bat (D)
  A giant cockroach (D)
  A rat (D)
11 creatures vanquished.

Notes
Turn   | Place    | Note
--------------------------------------------------------------
     0 | D        | BluebellGnoll, the Spriggan Enchanter, began the quest for the Orb.
     0 | D        | Reached XP level 1. HP: 9/9 MP: 4/4
    15 | D        | Reached skill level 5 in Stealth
    25 | D        | Reached skill level 6 in Stealth
    58 | D        | Reached skill level 7 in Stealth
    58 | D        | Reached XP level 2. HP: 8/13 MP: 7/7
    76 | D        | Learned a level 2 spell: Ensorcelled Hibernation
    89 | D        | Reached skill level 8 in Stealth
   126 | D        | Found a sparkling altar of Nemelex Xobeh.
   126 | D        | Found a glowing silver altar of Zin.
   126 | D        | Found a basalt altar of Yredelemnul.
   126 | D        | Found a glowing golden altar of the Shining One.
   126 | D        | Found a shimmering altar of Xom.
   126 | D        | Found a snail-covered altar of Cheibriados.
   126 | D        | Found a radiant altar of Vehumet.
   127 | D        | Found an iron altar of Okawaru.
   128 | D        | Found a burning altar of Makhleb.
   129 | D        | Found a white marble altar of Elyvilon.
   130 | D        | Found a sparkling altar of Nemelex Xobeh.
   131 | D        | Became a worshipper of Yredelemnul the Dark
   132 | D        | Found a shattered altar of Ashenzari.
   133 | D        | Found a glowing silver altar of Zin.
   134 | D        | Found a bloodstained altar of Trog.
   135 | D        | Found an ancient bone altar of Kikubaaqudgha.
   136 | D        | Found a blossoming altar of Fedhas.
   137 | D        | Found a deep blue altar of Sif Muna.
   138 | D        | Found a shadowy altar of Dithmenos.
   345 | D        | Noticed an ice beast
   345 | D        | Noticed a hill giant
   345 | D        | Noticed a jelly
   347 | D        | Splashed by a jelly's acid

Action                   || total
-------------------------++-------
Melee: Dagger            ||    43
       Cutlass           ||     1
 Cast: Ensorcelled Hiber ||     1
 Stab: Sleeping          ||     2
